 Dungeon Crawl Stone Soup version 0.21-a0-278-ga722497 (webtiles) character file.

1578 vishdafish the Poker (level 8, -8/62 HPs)
             Began as a Demonspawn Fighter on Sept 21, 2017.
             Was an Initiate of Nemelex Xobeh.
             Mangled by an orc warrior
             ... wielding a +1 dire flail of draining
              (15 damage)
             ... on level 6 of the Dungeon.
             The game lasted 00:09:31 (4239 turns).

vishdafish the Poker (Demonspawn Fighter)           Turns: 4239, Time: 00:09:31

Health: -8/62      AC:  9    Str: 19    XL:     8   Next: 60%
Magic:  10/10      EV:  7    Int:  9    God:    Nemelex Xobeh [......]
Gold:   341        SH:  9    Dex: 16    Spells: 7/7 levels left

rFire    . . .     SeeInvis .   a - +0 trident
rCold    . . .     Gourm    .   c - +0 shield
rNeg     . . .     Faith    .   b - +0 scale mail
rPois    +         Spirit   .   (helmet restricted)
rElec    .         Reflect  .   (no cloak)
rCorr    .         Harm     .   (no gloves)
MR       .....                  (no boots)
Stlth    ..........             p - amulet of rage
HPRegen  0.20/turn              g - +3 ring of dexterity
MPRegen  0.12/turn              t - ring of poison resistance

@: drained
A: horns 2, iridescent scales 1, spiny 3
a: Renounce Religion, Evoke Berserk Rage


You were on level 6 of the Dungeon.
You worshipped Nemelex Xobeh.
Nemelex Xobeh was noncommittal.
You were not hungry.

You visited 1 branch of the dungeon, and saw 6 of its levels.

You collected 341 gold pieces.

Inventory:

Hand Weapons
 a - a +0 trident (weapon)
 i - a +0 hunting sling
Missiles
 n - 29 sling bullets
Armour
 b - a +0 scale mail (worn)
 c - a +0 shield (worn)
Jewellery
 g - a +3 ring of dexterity (left hand)
 p - an amulet of rage (around neck)
 t - a ring of poison resistance (right hand)
 v - an uncursed amulet of guardian spirit
 y - an uncursed ring of wizardry
 C - an uncursed ring of positive energy
Wands
 d - a wand of flame (36/48)
Scrolls
 e - 5 scrolls of recharging
 j - 2 scrolls of teleportation {unknown}
 k - a scroll of enchant weapon {unknown}
 l - 2 scrolls of remove curse
 m - a scroll of immolation {unknown}
 q - 2 scrolls of fog
 x - a scroll of amnesia {unknown}
 G - a scroll of enchant armour {unknown}
Potions
 o - a potion of flight
 r - a potion of lignification
 w - a potion of brilliance {unknown}
 z - a potion of cancellation
 A - 2 potions of heal wounds
 B - a potion of resistance
 D - a potion of curing
 F - a potion of haste {unknown}
 H - a potion of degeneration {unknown}
Books
 E - a book of Misfortune

   Spells                             Type                      Level
   a - Confusing Touch                Hexes                        1
   b - Confuse                        Hexes                        3
   c - Gell's Gravitas                Translocation                3
   d - Petrify                        Transmutation/Earth          4
   e - Metabolic Englaciation         Hexes/Ice                    5
   f - Yara's Violent Unravelling     Hexes/Transmutation          5
Comestibles
 f - 5 bread rations
 h - a chunk of flesh
 s - 3 royal jellies
 u - 3 meat rations


   Skills:
 + Level 5.0(3.9) Fighting
 * Level 6.1(4.9) Polearms
 + Level 5.0(3.9) Armour
 + Level 1.5(0.4) Dodging
 + Level 4.8(3.7) Shields
 * Level 3.4(2.3) Invocations
 - Level 2.0(0.9) Evocations


You had 7 spell levels left.
You didn't know any spells.

Dungeon Overview and Level Annotations

Branches:
Dungeon (6/15)             Temple (0/1) D:5

Altars:
Makhleb
Nemelex Xobeh


Innate Abilities, Weirdness & Mutations

You have a pair of horns on your head.
You are partially covered in iridescent scales. (AC +2)
You are completely covered in sharp spines.


Message History

You closely miss the orc warrior.
The orc warrior is lightly wounded.
The orc warrior hits you with a dire flail of draining.
You feel drained.
Your shield prevents you from hitting the orc warrior.
Your headbutt misses the orc warrior.
The orc warrior is lightly wounded.
The orc warrior hits you with a dire flail of draining!!
You feel drained.
You puncture the orc warrior!
You headbutt the orc warrior, but do no damage.
The orc warrior is heavily wounded.
The orc warrior hits you with a dire flail of draining!
* * * LOW HITPOINT WARNING * * *
You feel drained.
* * * LOW HITPOINT WARNING * * *
The orc warrior is struck by your spines.
The orc warrior hits you with a dire flail of draining!
You die...
Your body disappears without a glow.

.......# .##..... ..#.##..
........ ........ ###.#### ..#...
#.# ##### ##########
#.###(..###..(†)@..###
#.##.....##...#).o.o.#
#.#[......#...##.....##
#.#.......'...##......###
#.#(......#...####......#
#.##)....##...# #######.# ###
#.###(..###...###...###.#######..
#.####### #...##...(.##.F...F.o..
#).....####..†#.......####....o..


You could see an orc warrior and an orc.

Vanquished Creatures
  Sigmund (D:5)
  A yak (D:6)
  Edmund (D:4)
  A black bear (D:6)
  An ice beast (D:5)
  3 ogres
  3 centaurs
  A bullfrog (D:6)
  A howler monkey (D:6)
  2 centaur zombies
  A hound (D:5)
  A jelly (D:5)
  A bullfrog skeleton (D:6)
  An orc priest (D:4)
  An orc wizard (D:6)
  An iguana (D:4)
  A killer bee zombie (D:5)
  4 adders
  4 oozes
  3 worms
  2 dart slugs
  2 leopard geckos
  7 orcs
  4 giant cockroaches
  7 goblins
  7 hobgoblins
  2 quokkas
  7 bats
  4 frilled lizards
  6 kobolds
  6 rats
87 creatures vanquished.

Notes
Turn   | Place    | Note
-------+----------+-------------------------------------------
     0 | D:1      | vishdafish the Demonspawn Fighter began the quest for the Orb.
     0 | D:1      | Reached XP level 1. HP: 18/18 MP: 1/1
   265 | D:1      | Reached skill level 2 in Polearms
   709 | D:2      | Gained mutation: You are partially covered in sharp spines. [demonic ancestry]
   709 | D:2      | Reached XP level 2. HP: 24/24 MP: 2/2
   810 | D:2      | Reached skill level 1 in Evocations
   886 | D:2      | Gained mutation: You are partially covered in iridescent scales. (AC +2) [demonic ancestry]
   886 | D:2      | Reached XP level 3. HP: 20/29 MP: 3/3
  1380 | D:3      | Gained mutation: You are mostly covered in sharp spines. [demonic ancestry]
  1380 | D:3      | Reached XP level 4. HP: 34/35 MP: 4/4
  1991 | D:4      | Noticed an ogre
  1998 | D:4      | Killed an ogre
  1998 | D:4      | Reached skill level 3 in Polearms
  1998 | D:4      | Gained mutation: You are completely covered in sharp spines. [demonic ancestry]
  1998 | D:4      | Reached XP level 5. HP: 35/41 MP: 6/6
  2527 | D:5      | Entered Level 5 of the Dungeon
  2529 | D:5      | Found a staircase to the Ecumenical Temple.
  2774 | D:5      | Gained mutation: You have a pair of small horns on your head. [demonic ancestry]
  2774 | D:5      | Reached XP level 6. HP: 39/47 MP: 7/7
  2790 | D:5      | Noticed Edmund
  2813 | D:4      | Killed Edmund
  2813 | D:4      | Reached skill level 4 in Polearms
  3141 | D:5      | Reached XP level 7. HP: 54/54 MP: 8/8
  3376 | D:5      | Noticed Sigmund
  3389 | D:5      | Killed Sigmund
  3446 | D:5      | Reached skill level 5 in Polearms
  3874 | D:5      | Found a sparkling altar of Nemelex Xobeh.
  3883 | D:5      | Became a worshipper of Nemelex Xobeh the Trickster
  4040 | D:5      | Found a burning altar of Makhleb.
  4076 | D:6      | Reached skill level 1 in Invocations
  4076 | D:6      | Gained mutation: You have a pair of horns on your head. [demonic ancestry]
  4076 | D:6      | Reached XP level 8. HP: 61/61 MP: 9/9
  4117 | D:6      | Reached skill level 1 in Dodging
  4221 | D:6      | Reached skill level 5 in Fighting
  4221 | D:6      | Reached skill level 6 in Polearms
  4221 | D:6      | Reached skill level 5 in Armour
  4239 | D:6      | Mangled by an orc warrior

Vault maps used:
D:1:      dpeg_arrival_lava_altar
D:2:      cheibrodos_old_hovel, hangedman_decor_riveting
D:5:      lightli_temple_of_fire, minmay_temple_entry_grid, first_bread,
          nemelex_dance_club_becter, uniq_sigmund, uniq_edmund
D:6:      minmay_opposing_rooms

Skill      XL: |  1  2  3  4  5  6  7  8 |
---------------+-------------------------+-----
Polearms       | 2 3 4 5 6 |  6.1
Evocations     | 1 2 |  2.0
Armour         | 3 4 5 |  5.0
Shields        | 3 4 |  4.8
Fighting       | 4 5 |  5.0
Invocations    | 1 3 |  3.4
Dodging        | 1 |  1.5

Action                   |  1- 3 |  4- 6 |  7- 9 || total
-------------------------+-------+-------+-------++-------
Melee: Trident           |   114 |    78 |    92 ||   284
       Headbutt          |       |     6 |    22 ||    28
 Fire: Hunting sling     |       |     3 |       ||     3
 Abil: Evoke Berserk Rag |       |     2 |       ||     2
Evoke: Wand              |       |       |     5 ||     5
  Use: Potion            |       |     2 |       ||     2
       Scroll            |       |       |     9 ||     9
  Eat: Chunk             |     1 |     4 |     3 ||     8
       Bread ration      |       |     1 |       ||     1
Armor: Scale mail        |    32 |    18 |    18 ||    68
Dodge: Dodged            |    26 |    13 |    18 ||    57
Block: Shield            |    38 |    18 |    36 ||    92

Table legend:
 A = Spawn XP
 B = Non-spawn XP
 C = Spawn XP percentage of total XP
 D = Spawn monster count
 E = Non-spawn monster count
 F = Spawn count percentage of total count
 G = Total turns spent on level
                    A         B        C        D         E        F      G
               +---------+---------+-------+---------+---------+-------+---------
         Total |       0 |    2255 |   0.0 |       0 |      87 |   0.0 |  4239
               +---------+---------+-------+---------+---------+-------+---------
           D:1 |       0 |       9 |   0.0 |       0 |       7 |   0.0 |   676
           D:2 |       0 |      86 |   0.0 |       0 |      27 |   0.0 |   698
           D:3 |       0 |      28 |   0.0 |       0 |      13 |   0.0 |   430
           D:4 |       0 |     390 |   0.0 |       0 |      10 |   0.0 |  1214
           D:5 |       0 |     884 |   0.0 |       0 |      15 |   0.0 |  1038
           D:6 |       0 |     858 |   0.0 |       0 |      15 |   0.0 |   183
               +---------+---------+-------+---------+---------+-------+---------
